 Dungeon Crawl Stone Soup version 0.20.0-14-g326068f (webtiles) character file.

1247 Lavandula the Magician (level 8, -5/52 HPs)
             Began as a Mummy Ice Elementalist on June 8, 2017.
             Was an Initiate of Ru.
             Killed from afar by an acid dragon (12 damage)
             ... with a splash of acid
             ... on level 7 of the Dungeon.
             The game lasted 00:14:52 (6473 turns).

Lavandula the Magician (Mummy Ice Elementalist)     Turns: 6473, Time: 00:14:53

Health: -5/52      AC:  2    Str: 11    XL:     8   Next: 25%
Magic:  2/16       EV: 12    Int: 14    God:    Ru [......]
Gold:   104        SH:  0    Dex: 13    Spells: 4/18 levels left

rFire    x . .     SeeInvis .   i - +2 short sword (venom)
rCold    + . .     Gourm    .   (no shield)
rNeg     + + +     Faith    +   a - +0 robe
rPois    ∞         Spirit   .   (no helmet)
rElec    .         Reflect  .   (no cloak)
rCorr    .         Harm     .   (no gloves)
MR       +....                  (no boots)
Stlth    ++........             e - amulet of faith
Regen    0.2/turn               j - ring of flight
MPRegen  0.2/turn               m - ring of positive energy

@: no status effects
A: no food or potions, fire vulnerability, cold resistance 1, dopey 1, negative
energy resistance 3, torment resistance, unbreathing
a: Renounce Religion, Evoke Flight


You were on level 7 of the Dungeon.
You worshipped Ru.
Ru was noncommittal.
You were not hungry.

You visited 1 branch of the dungeon, and saw 7 of its levels.

You collected 279 gold pieces.
You spent 175 gold pieces at shops.

Inventory:

Hand Weapons
 i - a +2 short sword of venom (weapon)
Missiles
 f - 2 throwing nets (quivered)
 n - 12 tomahawks
Armour
 a - a +0 robe (worn)
Jewellery
 e - an amulet of faith (around neck)
 j - a ring of flight (left hand)
 l - an uncursed amulet of rage {unknown}
 m - a ring of positive energy (right hand)
 o - a +5 ring of strength {unknown}
 r - an uncursed amulet of regeneration {unknown}
Wands
 v - a wand of iceblast (9/15)
 w - a wand of polymorph (9/24)
 x - a wand of confusion (31/48)
Scrolls
 c - 10 scrolls of identify
 d - 4 scrolls of remove curse {unknown}
 g - 10 scrolls of teleportation
 h - 4 scrolls of blinking {unknown}
 k - 3 scrolls of magic mapping
 p - a scroll of random uselessness {unknown}
 q - 2 scrolls of recharging {unknown}
 s - a scroll of enchant armour
 t - 2 scrolls of enchant weapon {unknown}
 u - a scroll of fear {unknown}
Books
 b - a book of Frost

   Spells                             Type                      Level
   a - Freeze                         Ice                          1
   b - Throw Frost                    Conjuration/Ice              2
   c - Ozocubu's Armour               Charms/Ice                   3
   d - Throw Icicle                   Conjuration/Ice              4
   e - Summon Ice Beast               Ice/Summoning                4


   Skills:
 - Level 1.5 Dodging
 - Level 1.5 Stealth
 - Level 5.9 Spellcasting
 - Level 0.7 Conjurations
 - Level 4.7 Summonings
 + Level 5.9 Ice Magic
 - Level 1.1 Evocations


You had 4 spell levels left.
You knew the following spells:

 Your Spells              Type           Power        Failure   Level  Hunger
a - Freeze                Ice            ###.         1%          1    N/A
b - Throw Frost           Conj/Ice       ##....       6%          2    N/A
c - Ozocubu's Armour      Chrm/Ice       ##......     14%         3    N/A
d - Throw Icicle          Conj/Ice       ##......     36%         4    N/A
e - Summon Ice Beast      Ice/Summ       ###.....     17%         4    N/A

Dungeon Overview and Level Annotations

Branches:
Dungeon (7/15)
 Temple: D:4-7

Altars:
Dithmenos
Elyvilon
Fedhas
Ru
Sif Muna
Uskayaw
Yredelemnul

Shops:
D:5 ?

Annotations:
D:3 Grinder
D:5 exclusion: door
D:6 exclusion: oklob plant


Innate Abilities, Weirdness & Mutations

You do not eat or drink.
Your flesh is vulnerable to fire.
You are immune to poison.
Your flesh is cold resistant. (rC+)
You are dopey. (Int -2)
You are immune to negative energy. (rN+++)
You are immune to unholy pain and torment.
You can survive without breathing.


Message History

You swap places.
What are your orders? t - Shout!
Orders for allies: a - Attack new target. p - Attack previous target. r - Retreat! s - Stop attacking. g - Guard the area. f - Follow me.
Anything else - Cancel.
Gang up on whom?
Press: ? - help, Dir - move target cursor, f/p - acid dragon
Aim: an acid dragon (moderately wounded) Attack!
The acid dragon bites your ice beast.
The acid dragon closely misses your ice beast.
Your ice beast hits the acid dragon but does no damage.
The acid dragon bites your ice beast!
Your ice beast dies!
You open the door.
There is an open door here.
The acid dragon spits acid at you. The splash of acid hits you!
You die...

############## #....DY....#..
####.#.....#.# ###
#.#.....#.# #..
#.#.....#.######.#########
#Y#.....'@................
#.#.....#.#.#....######.##
#.#.....#.#.#.#....# #.#
#D####....#......#.####.# #.#
#....#.#........<#.# #.#
#....#......#.####.# #.#
##.#.#.#.#.......#.##
####.#####.#.#.#.##.#.##.#...
#....Y.......#.#.##.#....#...


You could see an acid dragon and a friendly ice beast.

Vanquished Creatures
  A water moccasin (D:7)
  2 sky beasts (D:6)
  3 scorpions
  2 howler monkeys
  3 crimson imps
  A hound (D:3)
  A jelly (D:6)
  Terence (D:3)
  3 orc wizards (D:3)
  5 worker ants
  3 gnolls (D:7)
  A worker ant zombie (D:5)
  11 adders
  2 shadow imps
  An ooze (D:7)
  2 worms
  A dart slug (D:2)
  5 leopard geckos
  7 orcs
  2 giant cockroaches
  10 goblins
  5 hobgoblins
  12 jackals
  2 quokkas
  3 ball pythons
  4 bats
  6 frilled lizards
  A jackal skeleton (D:4)
  A jackal zombie (D:6)
  4 kobolds
  A leopard gecko skeleton (D:5)
  A quokka zombie (D:4)
  12 rats
119 creatures vanquished.

Vanquished Creatures (collateral kills)
  A necrophage (D:7)
  An ogre (D:5)
  A bullfrog skeleton (D:6)
  A centaur skeleton (D:5)
4 creatures vanquished.

Grand Total: 123 creatures vanquished

Notes
Turn   | Place    | Note
-------+----------+-------------------------------------------
     0 | D:1      | Lavandula the Mummy Ice Elementalist began the quest for the Orb.
     0 | D:1      | Reached XP level 1. HP: 13/13 MP: 4/4
   431 | D:1      | Reached XP level 2. HP: 17/19 MP: 3/6
   463 | D:1      | Learned a level 2 spell: Throw Frost
  1049 | D:2      | Found a white marble altar of Elyvilon.
  1104 | D:2      | Reached XP level 3. HP: 24/24 MP: 4/8
  1860 | D:3      | Learned a level 3 spell: Ozocubu's Armour
  1979 | D:3      | Reached XP level 4. HP: 26/30 MP: 3/10
  2165 | D:3      | Noticed Terence
  2216 | D:3      | Killed Terence
  2386 | D:3      | Reached XP level 5. HP: 24/35 MP: 1/11
  2668 | D:3      | Learned a level 4 spell: Throw Icicle
  2693 | D:3      | Found a hide-covered altar of Uskayaw.
  2769 | D:3      | Reached skill level 5 in Ice Magic
  2892 | D:3      | Noticed Grinder
  2957 | D:3      | Found a deep blue altar of Sif Muna.
  3279 | D:4      | Reached XP level 6. HP: 30/41 MP: 7/12
  3396 | D:4      | Found a blossoming altar of Fedhas.
  3718 | D:4      | Found a shadowy altar of Dithmenos.
  3737 | D:4      | Found a sacrificial altar of Ru.
  3812 | D:4      | Became a worshipper of Ru the Awakened
  3986 | D:5      | Entered Level 5 of the Dungeon
  3988 | D:5      | Reached skill level 5 in Spellcasting
  3994 | D:5      | Learned a level 4 spell: Summon Ice Beast
  4031 | D:5      | Reached skill level 1 in Evocations
  4244 | D:5      | Reached skill level 1 in Summonings
  4244 | D:5      | Reached XP level 7. HP: 46/46 MP: 9/14
  4354 | D:5      | Found a basalt altar of Yredelemnul.
  4366 | D:5      | Found Xaolues's Magic Scroll Shop.
  4375 | D:5      | Bought a scroll of teleportation for 33 gold pieces
  4375 | D:5      | Bought a scroll of identify for 22 gold pieces
  4375 | D:5      | Bought a scroll of magic mapping for 38 gold pieces
  4375 | D:5      | Bought a scroll of enchant armour for 82 gold pieces
  5077 | D:6      | Noticed an oklob plant
  5674 | D:6      | Got a heavily runed ring mail
  5685 | D:6      | Identified the +0 ring mail "Fure Koj" {rN+} (You found it on level 6 of the Dungeon)
  5696 | D:6      | Gained mutation: You are dopey. (Int -2) [Ru sacrifice]
  6078 | D:7      | Reached XP level 8. HP: 52/52 MP: 12/16
  6442 | D:7      | HP: 2/52 [acid (15)]
  6473 | D:7      | Killed from afar by an acid dragon

Skill      XL: |  1  2  3  4  5  6  7  8 |
---------------+-------------------------+-----
Spellcasting   | 3 4 5 |  5.9
Ice Magic      | 3 4 5 |  5.9
Evocations     | 1 |  1.1
Summonings     | 1 3 4 |  4.7
Dodging        | |  1.5
Stealth        | |  1.5
Conjurations   | |  0.7

Action                   |  1- 3 |  4- 6 |  7- 9 || total
-------------------------+-------+-------+-------++-------
Melee: Short sword       |     3 |    33 |    47 ||    83
 Cast: Freeze            |    58 |    69 |    55 ||   182
       Throw Frost       |     6 |    15 |     9 ||    30
       Ozocubu's Armour  |       |     2 |       ||     2
       Throw Icicle      |       |     3 |     1 ||     4
       Summon Ice Beast  |       |       |    11 ||    11
Invok: Sacrifice Purity  |       |       |     1 ||     1
 Stab: Sleeping          |     1 |     4 |     4 ||     9
       Distracted        |       |       |     1 ||     1
Armor: Robe              |     5 |     9 |     9 ||    23
Dodge: Dodged            |    30 |    39 |    70 ||   139
